 Dungeon Crawl Stone Soup version 0.26-a0-665-gefeb406119 (webtiles) character file.

Game seed: 14973952122844668875

9578 jiml777 the Thaumaturge (level 11, -5/86 HPs)
             Began as a Gnoll Warper on Oct 13, 2020.
             Was an Initiate of Gozag.
             Slain by a boulder beetle (19 damage)
             ... on level 11 of the Dungeon.
             The game lasted 01:18:16 (14830 turns).

jiml777 the Thaumaturge (Gnoll Warper)             Turns: 14830, Time: 01:18:17

Health: -5/86      AC: 14    Str:  9    XL:     11   Next: 48%
Magic:  23/23      EV: 15    Int: 18    God:    Gozag
Gold:   1150       SH:  0    Dex: 20    Spells: 15/26 levels left

rFire    . . .     SeeInvis .   I - +5 glaive of Makhleb {freeze, rN+ Str-5 Dex+5}
rCold    . . .     Faith    .   (shield currently unavailable)
rNeg     + . .     Spirit   .   M - +0 swamp dragon scales
rPois    +         Reflect  .   K - +0 hat
rElec    .         Harm     .   r - +0 cloak
rCorr    .         Rampage  .   L - +0 pair of gloves
MR       .....                  q - +1 pair of boots
Stlth    ++++......             (no amulet)
HPRegen  0.24/turn              p - ring of wizardry
MPRegen  0.18/turn              N - ring of stealth

@: no status effects
A: distributed training, fangs 1, strong nose
a: Potion Petition, Call Merchant, Bribe Branch, Renounce Religion


You were on level 11 of the Dungeon.
You worshipped Gozag.
Gozag was most pleased with you.
You visited 2 branches of the dungeon, and saw 12 of its levels.

You collected 1874 gold pieces.
You spent 628 gold pieces at shops.
You paid 96 gold pieces to Gozag.

Inventory:

Hand Weapons
 a - a +0 spear
 D - a +0 antimagic mace
 E - a +2 whip of electrocution
 I - the +5 glaive of Makhleb (weapon) {freeze, rN+ Str-5 Dex+5}
   (You bought it in a shop on level 5 of the Dungeon)

   It has been specially enchanted to freeze those struck by it, causing extra
   injury to most foes and up to half again as much damage against particularly
   susceptible opponents.
   It can also slow down cold-blooded creatures.
   It affects your strength (-5).
   It affects your dexterity (+5).
   It protects you from negative energy.
 O - a +5 rapier of venom
 P - the +4 mace "Wiseakka" {vorpal, +Rage rC- MR+++}
   (You found it on level 9 of the Dungeon)

   It inflicts extra damage upon your enemies.
   It makes you vulnerable to cold.
   It affects your resistance to hostile enchantments.
   It lets you go berserk.
Missiles
 e - 5 boomerangs of dispersal
 l - 44 bolts
 m - 7 atropa-tipped darts (quivered)
 t - 4 boomerangs
 v - 145 arrows
 w - 103 sling bullets
 Y - 19 poisoned darts
Armour
 b - a +0 leather armour
 i - a +0 ring mail
 q - a +1 pair of boots (worn)
 r - a +0 cloak (worn)
 K - a +0 hat (worn)
 L - a +0 pair of gloves (worn)
 M - +0 swamp dragon scales (worn)
Jewellery
 p - a ring of wizardry (left hand)
 s - a +6 ring of dexterity
 y - an uncursed ring of flight
 N - a ring of stealth (right hand)
 V - an uncursed ring of see invisible
Wands
 g - a wand of iceblast (1)
 x - a wand of paralysis (6)
 B - a wand of digging (6)
 H - a wand of disintegration (11)
 R - a wand of flame (10)
Scrolls
 c - 4 scrolls of amnesia
 d - 3 scrolls of blinking
 f - a scroll of summoning
 j - 5 scrolls of teleportation
 u - 2 scrolls of fog
 A - 3 scrolls of remove curse
 F - 2 scrolls of magic mapping
 J - 3 scrolls of identify
 X - a scroll of fear
Potions
 h - 6 potions of lignification
 k - 2 potions of flight
 n - 3 potions of might
 o - 2 potions of invisibility
 z - 2 potions of stabbing
 C - a potion of resistance
 G - a potion of ambrosia
 Q - 4 potions of curing
 S - 2 potions of berserk rage
 T - 2 potions of brilliance
 U - a potion of mutation
 W - a potion of haste


   Skills:
 + Level 7.9 Fighting
 + Level 6.3 Short Blades
 + Level 6.3 Long Blades
 + Level 6.3 Axes
 + Level 6.3 Maces & Flails
 + Level 7.9 Polearms
 + Level 6.3 Staves
 + Level 6.3 Slings
 + Level 6.3 Bows
 + Level 6.3 Crossbows
 + Level 6.9 Throwing
 + Level 6.9 Armour
 + Level 7.9 Dodging
 + Level 6.3 Stealth
 + Level 6.3 Shields
 + Level 6.3 Unarmed Combat
 + Level 8.2 Spellcasting
 + Level 5.2 Conjurations
 + Level 5.2 Hexes
 + Level 5.2 Summonings
 + Level 5.2 Necromancy
 + Level 7.7 Translocations
 + Level 5.2 Transmutations
 + Level 5.2 Fire Magic
 + Level 5.2 Ice Magic
 + Level 5.2 Air Magic
 + Level 5.2 Earth Magic
 + Level 5.2 Poison Magic
 + Level 7.0 Invocations
 + Level 6.3 Evocations


You had 15 spell levels left.
You knew the following spells:

 Your Spells              Type           Power        Failure   Level
a - Blink                 Tloc           N/A          1%          2
b - Gell's Gravitas       Tloc           #####.....   1%          3
c - Stone Arrow           Conj/Erth      ####..       3%          3
d - Vampiric Draining     Necr           ####......   3%          3

Your spell library contained the following spells:

 Spells                   Type           Power        Failure   Level
 Animate Skeleton         Necr           ####..       1%          1
 Pain                     Necr           ####         1%          1
 Corpse Rot               Necr/Air       N/A          1%          2
 Lesser Beckoning         Tloc           #####.....   1%          3
 Teleport Other           Tloc           #####...     1%          3
 Passage of Golubria      Tloc           N/A          4%          4
 Animate Dead             Necr           ####......   11%         4
 Summon Forest            Summ/Tloc      ####......   17%         5
 Agony                    Necr           ####....     28%         5
 Eringya's Noxious Bog    Tmut/Pois      ####......   82%         6
 Hydra Form               Tmut           ####......   82%         6
 Summon Hydra             Summ           ####......   100%        7


Dungeon Overview and Level Annotations

Branches:
Dungeon (11/15)            Temple (1/1) D:5            Lair (0/6) D:11
    Orc (0/2) D:11

Altars:
Ashenzari
Cheibriados
Dithmenos
Elyvilon
Fedhas
Gozag
Hepliaklqana
Kikubaaqudgha
Makhleb
Nemelex Xobeh
Okawaru
Qazlal
Ru
Sif Muna
Trog
Uskayaw
Vehumet
Wu Jian
Xom
Yredelemnul
Zin
The Shining One

Shops:
D:5 *   D:7 [   D:10 !   D:11 ?


Innate Abilities, Weirdness & Mutations

Your experience applies equally to all skills.
You have very sharp teeth.
Your uncanny sense of smell can sniff out nearby items.


Message History

The boulder beetle blinks!
You start resting.
A boulder beetle is nearby!
You start resting.
A boulder beetle is nearby!
The boulder beetle curls into a ball and begins rolling!
The boulder beetle hits you but does no damage.
The boulder beetle stops rolling and uncurls.
The boulder beetle blinks!
The boulder beetle curls into a ball and begins rolling!
The boulder beetle hits you!
* * * LOW HITPOINT WARNING * * *
The boulder beetle stops rolling and uncurls.
The boulder beetle curls into a ball and begins rolling!
The boulder beetle completely misses you.
The boulder beetle stops rolling and uncurls.
The boulder beetle curls into a ball and begins rolling!
The boulder beetle hits you!!
You die...
Your body crumbles into a pile of gold.

....... ....... B..... #. .(...
####### #.. #.... #.○○..# #..#
#.... #.##B.# #^.# #.... #°##@.#
#..###.... #.....# #.......$$
#.....#+####.......$$ .
#..######.................... .
#..#....#.......##........... ..
#..#....#.......##........... ...
#..#....#..>....##...........
...##...................######.##
........P.PP..P...#######....#.#


You could see a boulder beetle.

Vanquished Creatures
  Harold (D:8)
  A two-headed ogre (D:7)
  Maggie (D:7)
  A kobold demonologist (D:11)
  2 hornets
  7 yaks
  A spriggan (D:9)
  A water moccasin (D:8)
  5 orc warriors
  An eye of draining (D:8)
  3 ice beasts
  3 sky beasts
  6 black bears
  A phantom (D:9)
  2 ogres
  4 centaurs
  8 bullfrogs
  Blork the orc (D:4)
  2 wyvern skeletons
  4 scorpions
  6 wights
  24 killer bees
  3 vampire bats (D:6)
  A howler monkey (D:7)
  3 centaur skeletons
  A centaur zombie (D:10)
  5 hounds
  2 bullfrog skeletons
  3 jellies
  4 orc priests
  A gnoll shaman (D:6)
  9 orc wizards
  2 iguanas
  5 worker ants
  2 killer bee zombies
  A hound zombie (D:11)
  2 worker ant zombies (D:9)
  7 adders
  11 gnolls
  2 howler monkey skeletons
  2 shadow imps
  4 white imps
  4 ufetubi
  4 oozes
  2 adder zombies
  2 adder skeletons
  2 worms
  A dart slug (D:4)
  3 leopard geckos
  27 orcs
  A ball python (D:3)
  2 bat skeletons (D:6)
  4 bat zombies (D:6)
  8 giant cockroaches
  11 goblins
  15 hobgoblins
  11 jackals
  2 quokkas
  5 bats
  5 frilled lizards
  A jackal skeleton (D:4)
  7 kobolds
  A leopard gecko skeleton (D:8)
  A leopard gecko zombie (D:5)
  4 rats
278 creatures vanquished.

Vanquished Creatures (others)
  2 fungi (D:11)
  3 plants (D:11)
5 creatures vanquished.

Grand Total: 283 creatures vanquished

Notes
Turn   | Place    | Note
-------+----------+-------------------------------------------
     0 | D:1      | jiml777 the Gnoll Warper began the quest for the Orb.
     0 | D:1      | Reached XP level 1. HP: 20/20 MP: 6/6
    69 | D:1      | Reached XP level 2. HP: 26/26 MP: 7/7
   334 | D:1      | Reached XP level 3. HP: 31/31 MP: 9/9
   350 | D:1      | Reached skill level 5 in Spellcasting
   929 | D:2      | Reached skill level 1 in Invocations
  1042 | D:2      | Learned a level 2 spell: Blink
  1129 | D:2      | Reached skill level 1 in Short Blades
  1129 | D:2      | Reached skill level 1 in Long Blades
  1129 | D:2      | Reached skill level 1 in Axes
  1129 | D:2      | Reached skill level 1 in Maces & Flails
  1129 | D:2      | Reached skill level 1 in Staves
  1129 | D:2      | Reached skill level 1 in Slings
  1129 | D:2      | Reached skill level 1 in Bows
  1129 | D:2      | Reached skill level 1 in Crossbows
  1129 | D:2      | Reached skill level 1 in Stealth
  1129 | D:2      | Reached skill level 1 in Shields
  1129 | D:2      | Reached skill level 1 in Unarmed Combat
  1129 | D:2      | Reached skill level 1 in Evocations
  1373 | D:2      | Reached XP level 4. HP: 38/38 MP: 11/11
  1527 | D:2      | Found a stormy altar of Qazlal.
  1529 | D:2      | Noticed a fire elemental
  1529 | D:2      | Noticed an earth elemental
  1530 | D:2      | Noticed an air elemental
  1530 | D:2      | Noticed a water elemental
  2171 | D:3      | Reached skill level 1 in Conjurations
  2171 | D:3      | Reached skill level 1 in Hexes
  2171 | D:3      | Reached skill level 1 in Summonings
  2171 | D:3      | Reached skill level 1 in Necromancy
  2171 | D:3      | Reached skill level 1 in Transmutations
  2171 | D:3      | Reached skill level 1 in Fire Magic
  2171 | D:3      | Reached skill level 1 in Ice Magic
  2171 | D:3      | Reached skill level 1 in Air Magic
  2171 | D:3      | Reached skill level 1 in Earth Magic
  2171 | D:3      | Reached skill level 1 in Poison Magic
  2219 | D:3      | Found a shadowy altar of Dithmenos.
  2242 | D:3      | Reached XP level 5. HP: 42/43 MP: 12/12
  2808 | D:3      | Upgraded the game from 0.26-a0-663-g36e8fdb655 to
                  | 0.26-a0-665-gefeb406119
  3132 | D:3      | Reached XP level 6. HP: 19/50 MP: 13/13
  3337 | D:3      | Learned a level 3 spell: Gell's Gravitas
  3723 | D:4      | Reached skill level 5 in Fighting
  3723 | D:4      | Reached skill level 5 in Polearms
  3723 | D:4      | Reached skill level 5 in Dodging
  4197 | D:4      | Noticed Blork the orc
  4211 | D:4      | Killed Blork the orc
  4211 | D:4      | Reached XP level 7. HP: 56/56 MP: 15/15
  4448 | D:4      | Found a bloodstained altar of Trog.
  4449 | D:4      | Found a basalt altar of Yredelemnul.
  4450 | D:4      | Found an iron altar of Okawaru.
  4575 | D:5      | Entered Level 5 of the Dungeon
  4863 | D:5      | Found a staircase to the Ecumenical Temple.
  4874 | Temple   | Entered the Ecumenical Temple
  5041 | Temple   | Became a worshipper of Gozag Ym Sagoz the Greedy
  5473 | D:5      | Found Kiunamu's Assorted Antiques.
  5481 | D:5      | Bought a murky grey potion for 30 gold pieces
  5840 | D:5      | Reached XP level 8. HP: 63/63 MP: 16/16
  5889 | D:5      | Found a glowing golden altar of the Shining One.
  6483 | D:6      | Reached skill level 6 in Spellcasting
  7135 | D:5      | Bought a crude glaive for 391 gold pieces
  7135 | D:5      | Identified the +5 glaive of Makhleb {freeze, rN+ Str-5
                  | Dex+5} (You bought it in a shop on level 5 of the Dungeon)
  7303 | D:6      | Found an ancient bone altar of Kikubaaqudgha.
  7507 | D:7      | Found a snail-covered altar of Cheibriados.
  7508 | D:7      | Found Cheibriados's Comfort Zone.
  7758 | D:7      | Reached XP level 9. HP: 59/69 MP: 18/18
  8101 | D:7      | Reached skill level 5 in Throwing
  8101 | D:7      | Reached skill level 5 in Armour
  8744 | D:7      | Noticed Maggie
  8757 | D:7      | Killed Maggie
  8757 | D:7      | Reached skill level 5 in Invocations
  9502 | D:8      | Noticed a two-headed ogre
  9511 | D:7      | Killed a two-headed ogre
  9511 | D:7      | Reached skill level 5 in Short Blades
  9511 | D:7      | Reached skill level 5 in Long Blades
  9511 | D:7      | Reached skill level 5 in Axes
  9511 | D:7      | Reached skill level 5 in Maces & Flails
  9511 | D:7      | Reached skill level 5 in Staves
  9511 | D:7      | Reached skill level 5 in Slings
  9511 | D:7      | Reached skill level 5 in Bows
  9511 | D:7      | Reached skill level 5 in Crossbows
  9511 | D:7      | Reached skill level 5 in Stealth
  9511 | D:7      | Reached skill level 5 in Shields
  9511 | D:7      | Reached skill level 5 in Unarmed Combat
  9511 | D:7      | Reached skill level 7 in Spellcasting
  9511 | D:7      | Reached skill level 5 in Evocations
  9511 | D:7      | Reached XP level 10. HP: 36/77 MP: 12/20
 10533 | D:8      | Noticed Harold
 11363 | D:8      | Killed Harold
 11750 | D:8      | Found a shimmering blue altar of Sif Muna.
 12207 | D:9      | Reached XP level 11. HP: 72/84 MP: 22/22
 12504 | D:9      | Identified the +4 mace "Wiseakka" {vorpal, +Rage rC- MR+++}
                  | (You found it on level 9 of the Dungeon)
 12986 | D:10     | Entered Level 10 of the Dungeon
 13009 | D:10     | Reached skill level 5 in Conjurations
 13009 | D:10     | Reached skill level 5 in Hexes
 13009 | D:10     | Reached skill level 5 in Summonings
 13009 | D:10     | Reached skill level 5 in Necromancy
 13009 | D:10     | Reached skill level 5 in Transmutations
 13009 | D:10     | Reached skill level 5 in Fire Magic
 13009 | D:10     | Reached skill level 5 in Ice Magic
 13009 | D:10     | Reached skill level 5 in Air Magic
 13009 | D:10     | Reached skill level 5 in Earth Magic
 13009 | D:10     | Reached skill level 5 in Poison Magic
 13390 | D:10     | Found Nuifoy's Distillery.
 13414 | D:10     | Bought a potion of curing for 39 gold pieces
 13414 | D:10     | Bought a potion of curing for 39 gold pieces
 13414 | D:10     | Bought a potion of brilliance for 52 gold pieces
 13510 | D:10     | Reached skill level 8 in Spellcasting
 13522 | D:10     | Learned a level 3 spell: Stone Arrow
 13526 | D:10     | Learned a level 3 spell: Vampiric Draining
 14360 | D:11     | Found a staircase to the Orcish Mines.
 14431 | D:11     | Found a staircase to the Lair.
 14652 | D:11     | Noticed a soul eater
 14666 | D:11     | Found Domus's Magic Scroll Emporium.
 14669 | D:11     | Bought a scroll of identify for 28 gold pieces
 14669 | D:11     | Bought a scroll of fear for 49 gold pieces
 14778 | D:11     | Noticed a boulder beetle
 14830 | D:11     | Slain by a boulder beetle

Illustrated notes

Levels and vault maps discovered:
D:1:      psy_arrival_radial02, layout_basic, hangedman_decor_points
D:2:      layout_basic, nicolae_qazlal_style_of_elements
D:3:      layout_loops_cross, st_stairs_10,
          nicolae_dithmenos_through_a_glass_darkly
D:4:      layout_basic, chequers_temple_overflow_statue_of_worship,
          uniq_blork_the_orc
D:5:      layout_rooms, minmay_temple_entry_hall, basic_altar, serial_shops,
          shop_statue
D:6:      layout_cave_pools, kennysheep_vampire_church
D:7:      layout_layer_cave, minmay_shop_chei, eino_jars, uniq_maggie
D:8:      kennysheep_orc_sif_temple, layout_cave_pods, minmay_diced_spiral,
          uniq_harold
D:9:      layout_cave_pods, the_bakery
D:10:     layout_rooms, serial_shops, nicolae_shop_stone, minmay_checkerbox
D:11:     layout_stronghold, grunt_lair_entry_orc_guard_hut, orc_0_dummy,
          serial_shops, kennysheep_mini_moat
Temple:   dpeg_five_rooms_temple

Skill      XL: |  1  2  3  4  5  6  7  8  9 10 11 |
---------------+----------------------------------+-----
Spellcasting   | 5 6 7 8 |  8.2
Invocations    | 1 2 3 4 5 6 7 |  7.0
Short Blades   | 1 2 3 5 6 |  6.3
Long Blades    | 1 2 3 5 6 |  6.3
Axes           | 1 2 3 5 6 |  6.3
Maces & Flails | 1 2 3 5 6 |  6.3
Staves         | 1 2 3 5 6 |  6.3
Slings         | 1 2 3 5 6 |  6.3
Bows           | 1 2 3 5 6 |  6.3
Crossbows      | 1 2 3 5 6 |  6.3
Stealth        | 1 2 3 5 6 |  6.3
Shields        | 1 2 3 5 6 |  6.3
Unarmed Combat | 1 2 3 5 6 |  6.3
Evocations     | 1 2 3 5 6 |  6.3
Conjurations   | 1 2 3 4 5 |  5.2
Hexes          | 1 2 3 4 5 |  5.2
Summonings     | 1 2 3 4 5 |  5.2
Necromancy     | 1 2 3 4 5 |  5.2
Transmutations | 1 2 3 4 5 |  5.2
Fire Magic     | 1 2 3 4 5 |  5.2
Ice Magic      | 1 2 3 4 5 |  5.2
Air Magic      | 1 2 3 4 5 |  5.2
Earth Magic    | 1 2 3 4 5 |  5.2
Poison Magic   | 1 2 3 4 5 |  5.2
Throwing       | 3 4 5 6 |  6.9
Armour         | 3 4 5 6 |  6.9
Fighting       | 5 6 7 |  7.9
Polearms       | 5 6 7 |  7.9
Dodging        | 5 6 7 |  7.9
Translocations | 6 7 |  7.7

Action                   |  1- 3 |  4- 6 |  7- 9 | 10-12 || total
-------------------------+-------+-------+-------+-------++-------
Melee: Spear             |   112 |   297 |       |       ||   409
       Bite              |    13 |    44 |    48 |    45 ||   150
       Punch             |       |     5 |     4 |       ||     9
       Dagger            |       |     3 |   144 |       ||   147
       Glaive            |       |       |   157 |   377 ||   534
       Whip              |       |       |    18 |       ||    18
Throw: Dart              |       |    11 |     9 |    11 ||    31
 Cast: Gell's Gravitas   |       |     4 |       |     3 ||     7
       Blink             |       |     3 |     5 |     5 ||    13
 Abil: Evoke Flight      |       |     1 |       |       ||     1
Evoke: Wand              |       |       |     2 |     4 ||     6
  Use: Scroll            |       |     4 |    17 |     8 ||    29
       Potion            |       |     1 |     8 |     2 ||    11
 Stab: Sleeping          |       |     2 |     7 |     7 ||    16
       Invisible         |       |     3 |     2 |     2 ||     7
       Distracted        |       |     1 |     5 |     1 ||     7
       Paralysed         |       |       |     3 |       ||     3
Armor: Leather armour    |     8 |       |       |       ||     8
       Ring mail         |    29 |    58 |   141 |       ||   228
       Swamp dragon scal |       |       |     7 |   234 ||   241
Dodge: Dodged            |    63 |   146 |   316 |   434 ||   959

Table legend: (Time is in decaauts)
 A = Elapsed time spent in this place.
 B = Non-inter-level travel time spent in this place.
 C = Inter-level travel time spent in this place.
 D = Time resting spent in this place.
 E = Time spent auto-exploring this place.
 F = Levels seen in this place.
 G = Mean time per level.
                   A        B        C        D        E       F      G
               +--------+--------+--------+--------+--------+-----+--------+
         Total |  14899 |  14553 |    346 |   4917 |   5431 |  12 | 1241.6 |
       Dungeon |  14697 |  14386 |    311 |   4917 |   5278 |  11 | 1336.1 |
        Temple |    202 |    167 |     35 |      0 |    153 |   1 |  202.0 |
               +--------+--------+--------+--------+--------+-----+--------+

Top non-repeatable levels by time:
     D:7: 2813 daAuts
     D:8: 1741 daAuts
     D:5: 1462 daAuts
     D:4: 1381 daAuts
     D:9: 1351 daAuts
     D:3: 1228 daAuts
     D:6: 1212 daAuts
    D:10: 1106 daAuts
     D:2: 989 daAuts
     D:1: 915 daAuts
    D:11: 495 daAuts
  Temple: 202 daAuts
